TOP OF THE 1ST |
Florida State University Seminoles batting - Pitching for University of Southern California Trojans : RHP Mike Zimmerman
|
Pitching: RHP Mike Zimmerman
|
|
Batting: SHB Alex Noval
|
0-0: Ground out 4-3 (Groundball, 4, EV 90.6 MPH)
|
Batting: RHB Manny Hensley
|
0-0: Called Strike 0-1: Ball 1-1: Ball 2-1: Foul Ball, location: 2F 2-2: Ball 3-2: Ground out 6-3 (Groundball, 6, EV 86.9 MPH)
|
Batting: RHB Lupe Barrera
|
0-0: Foul Ball, location: 2F 0-1: Called Strike 0-2: Ball 1-2: Ball 2-2: SINGLE (Groundball, 25, EV 65.0 MPH) (infield hit)
|
Batting: RHB Brad Brady
|
0-0: Ball 1-0: Ball 2-0: Foul Ball, location: 2F 2-1: Called Strike 2-2: Ball 3-2: Fly out, F9 (Line Drive, 9, EV 94.4 MPH)
|
Top of the 1st over - 0 runs, 1 hit, 0 errors, 1 left on base; Florida State University 0 - University of Southern California 0 |
BOTTOM OF THE 1ST |
University of Southern California Trojans batting - Pitching for Florida State University Seminoles : RHP Joe Sloboda
|
Pitching: RHP Joe Sloboda
|
|
Batting: RHB Joaquin Salazar
|
0-0: Called Strike 0-1: Ball 1-1: Called Strike 1-2: Foul Ball, location: 2F 1-2: Foul Ball, location: 2F 1-2: Ball 2-2: Foul Ball, location: 2F 2-2: Strikes out swinging
|
Batting: RHB Arturo Galdamez
|
0-0: Ground out 6-3 (Groundball, 6, EV 105.6 MPH)
|
Batting: RHB Carlos Livas
|
0-0: Ground out 6-3 (Groundball, 56, EV 78.1 MPH)
|
Bottom of the 1st over - 0 runs, 0 hits, 0 errors, 0 left on base; Florida State University 0 - University of Southern California 0 |
TOP OF THE 2ND |
Florida State University Seminoles batting - Pitching for University of Southern California Trojans : RHP Mike Zimmerman
|
Batting: RHB Israel Quinteros
|
0-0: Ball 1-0: Ball 2-0: Ball 3-0: Called Strike 3-1: Base on Balls
|
Batting: SHB Ed Mosqueda
|
0-0: Called Strike 0-1: Ball 1-1: Called Strike 1-2: Ball 2-2: Fielders Choice at 2nd, 6-4 (Groundball, 6, EV 77.5 MPH)
|
Batting: LHB Bill Girton
|
0-0: Ball 1-0: Ball 2-0: Ball 3-0: Base on Balls Ed Mosqueda to second
|
Batting: RHB Jeremy Buck
|
0-0: Fly out, F8 (Line Drive, 8RD, EV 93.1 MPH)
|
Batting: SHB Jose Quezada
|
0-0: Ball 1-0: Fly out, F9 (Flyball, 9LM, EV 93.8 MPH)
|
Top of the 2nd over - 0 runs, 0 hits, 0 errors, 2 left on base; Florida State University 0 - University of Southern California 0 |
BOTTOM OF THE 2ND |
University of Southern California Trojans batting - Pitching for Florida State University Seminoles : RHP Joe Sloboda
|
Batting: LHB Miguel Espinoza
|
0-0: Foul Ball, location: 2F 0-1: Foul Ball, location: 2F 0-2: Fly out, F7 (Flyball, 78M, EV 96.3 MPH)
|
Batting: RHB Jon Solis
|
0-0: Called Strike 0-1: Fly out, F8 (Flyball, 78XD, EV 100.6 MPH)
|
Batting: SHB Rodrigo Mendoza
|
0-0: Called Strike 0-1: Ball 1-1: Ground out 4-3 (Groundball, 4, EV 82.5 MPH)
|
Bottom of the 2nd over - 0 runs, 0 hits, 0 errors, 0 left on base; Florida State University 0 - University of Southern California 0 |
TOP OF THE 3RD |
Florida State University Seminoles batting - Pitching for University of Southern California Trojans : RHP Mike Zimmerman
|
Batting: SHB Alex Noval
|
0-0: Ball 1-0: Fly out, F7 (Flyball, 7S, EV 83.1 MPH)
|
Batting: RHB Manny Hensley
|
0-0: Ground out 6-3 (Groundball, 56D, EV 88.1 MPH)
|
Batting: RHB Lupe Barrera
|
0-0: Ball 1-0: Ball 2-0: Ball 3-0: Base on Balls
|
Batting: RHB Brad Brady
|
0-0: Ball 1-0: Foul Ball, location: 2F 1-1: Ball 2-1: Ball 3-1: Fly out, F9 (Flyball, 9LS, EV 85.6 MPH)
|
Top of the 3rd over - 0 runs, 0 hits, 0 errors, 1 left on base; Florida State University 0 - University of Southern California 0 |
BOTTOM OF THE 3RD |
University of Southern California Trojans batting - Pitching for Florida State University Seminoles : RHP Joe Sloboda
|
Batting: RHB Jimmy McIntosh
|
0-0: Swinging Strike 0-1: Ground out 4-3 (Groundball, 34D, EV 102.5 MPH)
|
Batting: RHB Ken Manser
|
0-0: Ball 1-0: Foul Ball, location: 2F 1-1: Called Strike 1-2: Strikes out looking
|
Batting: RHB Adam Copsey
|
0-0: Called Strike 0-1: Ball 1-1: Ball 2-1: Fly out, F4 (Flyball, 34D, EV 86.9 MPH)
|
Bottom of the 3rd over - 0 runs, 0 hits, 0 errors, 0 left on base; Florida State University 0 - University of Southern California 0 |
TOP OF THE 4TH |
Florida State University Seminoles batting - Pitching for University of Southern California Trojans : RHP Mike Zimmerman
|
Batting: RHB Israel Quinteros
|
0-0: Ball 1-0: Ball 2-0: Swinging Strike 2-1: Ground out 5-3 (Groundball, 56, EV 107.5 MPH)
|
Batting: SHB Ed Mosqueda
|
0-0: Foul Ball, location: 2F 0-1: Swinging Strike 0-2: Fly out, F7 (Flyball, 7LD, EV 85.0 MPH)
|
Batting: LHB Bill Girton
|
0-0: DOUBLE (Line Drive, 78D, EV 103.1 MPH)
|
Batting: RHB Jeremy Buck
|
0-0: Ball 1-0: Called Strike 1-1: DOUBLE (Flyball, 8RXD, EV 101.9 MPH) Bill Girton scores
|
Batting: SHB Jose Quezada
|
0-0: Called Strike 0-1: Ball 1-1: Called Strike 1-2: Ball 2-2: Strikes out swinging, 2-3 out at first.
|
Top of the 4th over - 1 run, 2 hits, 0 errors, 1 left on base; Florida State University 1 - University of Southern California 0 |
BOTTOM OF THE 4TH |
University of Southern California Trojans batting - Pitching for Florida State University Seminoles : RHP Joe Sloboda
|
Batting: RHB Joaquin Salazar
|
0-0: Ball 1-0: Reached on error, E6 (Groundball, 6, EV 85.0 MPH)
|
Batting: RHB Arturo Galdamez
|
0-0: Ball 1-0: Called Strike 1-1: Ground out 3-1 (Groundball, 34, EV 92.5 MPH) Joaquin Salazar to third
|
Batting: RHB Carlos Livas
|
0-0: Foul Ball, location: 2F 0-1: Ball 1-1: SINGLE (Flyball, 9LS, EV 94.4 MPH) Joaquin Salazar scores
|
Batting: LHB Miguel Espinoza
|
0-0: Ball 1-0: Ball 2-0: Called Strike 2-1: Fielders Choice at 2nd, 3-6 (Groundball, 34S, EV 87.5 MPH)
|
Batting: RHB Jon Solis
|
0-0: Ball 1-0: Ball 2-0: Ball Miguel Espinoza steals 2nd base 3-0: Called Strike 3-1: Called Strike 3-2: Foul Ball, location: 2F 3-2: Foul Ball, location: 2F 3-2: Foul Ball, location: 2F 3-2: Strikes out swinging
|
Bottom of the 4th over - 1 run, 1 hit, 1 error, 1 left on base; Florida State University 1 - University of Southern California 1 |
TOP OF THE 5TH |
Florida State University Seminoles batting - Pitching for University of Southern California Trojans : RHP Mike Zimmerman
|
Batting: SHB Alex Noval
|
0-0: SINGLE (Groundball, 56, EV 103.1 MPH) (infield hit)
|
Batting: RHB Manny Hensley
|
0-0: Grounds into double play, 5-4-3 (Groundball, 56S, EV 91.9 MPH)
|
Batting: RHB Lupe Barrera
|
0-0: Ball 1-0: Ball 2-0: Foul Ball, location: 2F 2-1: Swinging Strike 2-2: Strikes out looking
|
Top of the 5th over - 0 runs, 1 hit, 0 errors, 0 left on base; Florida State University 1 - University of Southern California 1 |
BOTTOM OF THE 5TH |
University of Southern California Trojans batting - Pitching for Florida State University Seminoles : RHP Joe Sloboda
|
Batting: SHB Rodrigo Mendoza
|
0-0: SINGLE (Groundball, 4M, EV 101.9 MPH) (infield hit)
|
Batting: RHB Jimmy McIntosh
|
0-0: Called Strike 0-1: Ball 1-1: Swinging Strike 1-2: Fielders Choice at 2nd, 3-6 (Groundball, 3S, EV 81.9 MPH)
|
Batting: RHB Ken Manser
|
0-0: Ground out 5-3 (Groundball, 56S, EV 75.6 MPH) Jimmy McIntosh to second
|
Batting: RHB Adam Copsey
|
0-0: Swinging Strike 0-1: DOUBLE (Line Drive, 8RD, EV 98.1 MPH) Jimmy McIntosh scores
|
Batting: RHB Joaquin Salazar
|
0-0: Ground out 6-3 (Groundball, 56, EV 106.9 MPH)
|
Bottom of the 5th over - 1 run, 2 hits, 0 errors, 1 left on base; Florida State University 1 - University of Southern California 2 |
TOP OF THE 6TH |
Florida State University Seminoles batting - Pitching for University of Southern California Trojans : RHP Mike Zimmerman
|
Batting: RHB Brad Brady
|
0-0: Foul Ball, location: 2F 0-1: Ball 1-1: Ball 2-1: Foul Ball, location: 2F 2-2: SINGLE (Groundball, 6MD, EV 108.1 MPH)
|
Pitching: RHP Jose Lomas
|
|
Pinch Hitting: LHB John Centner
|
0-0: Ball 1-0: Ball 2-0: Called Strike 2-1: Foul Ball, location: 2F 2-2: Foul Ball, location: 2F 2-2: Ball 3-2: Foul Ball, location: 2F 3-2: Foul Ball, location: 2F 3-2: Grounds into double play, 4-6-3 (Groundball, 4, EV 91.9 MPH)
|
Pinch Hitting: RHB Rafael Gil
|
0-0: Fly out, F8 (Line Drive, 8RM, EV 91.3 MPH)
|
Top of the 6th over - 0 runs, 1 hit, 0 errors, 0 left on base; Florida State University 1 - University of Southern California 2 |
BOTTOM OF THE 6TH |
University of Southern California Trojans batting - Pitching for Florida State University Seminoles : RHP Joe Sloboda
|
Now at SS: Dong-u Chang
|
|
Now in LF: Rafael Gil
|
|
Now in RF: Bill Girton
|
|
Batting: RHB Arturo Galdamez
|
0-0: Ball 1-0: Called Strike 1-1: Swinging Strike 1-2: Strikes out looking
|
Batting: RHB Carlos Livas
|
0-0: Swinging Strike 0-1: Ball 1-1: Ball 2-1: Ball 3-1: Called Strike 3-2: Foul Ball, location: 2F 3-2: Ground out 2-3 (Groundball, 2L, EV 71.3 MPH)
|
Batting: LHB Miguel Espinoza
|
0-0: Ball 1-0: Foul Ball, location: 2F 1-1: Foul Ball, location: 2F 1-2: Fly out, F6 (Flyball, 56D, EV 88.1 MPH)
|
Bottom of the 6th over - 0 runs, 0 hits, 0 errors, 0 left on base; Florida State University 1 - University of Southern California 2 |
TOP OF THE 7TH |
Florida State University Seminoles batting - Pitching for University of Southern California Trojans : RHP Jose Lomas
|
Batting: LHB Bill Girton
|
0-0: Called Strike 0-1: Ball 1-1: Ball 2-1: Foul Ball, location: 2F 2-2: Foul Ball, location: 2F 2-2: Strikes out swinging
|
Pinch Hitting: RHB Bill Nguyen-Tan
|
0-0: Called Strike 0-1: Ball 1-1: Foul Ball, location: 2F 1-2: DOUBLE (Line Drive, 7LM, EV 111.9 MPH)
|
Batting: SHB Jose Quezada
|
0-0: Swinging Strike 0-1: SINGLE (Groundball, 3D, EV 103.8 MPH) Bill Nguyen-Tan to third
|
Pinch Hitting: LHB Jonathan Redden
|
0-0: Ball 1-0: Called Strike 1-1: Ball 2-1: Foul Ball, location: 2F 2-2: Grounds into double play, 4-6-3 (Groundball, 34, EV 80.0 MPH)
|
Top of the 7th over - 0 runs, 2 hits, 0 errors, 1 left on base; Florida State University 1 - University of Southern California 2 |
BOTTOM OF THE 7TH |
University of Southern California Trojans batting - Pitching for Florida State University Seminoles : RHP Joe Sloboda
|
Now at 1B: Jai-guo Bian
|
|
Now in CF: Raul Maldonado
|
|
Batting: RHB Jon Solis
|
0-0: Ball 1-0: SINGLE (Groundball, 6MD, EV 103.8 MPH)
|
Pitching: RHP Brad Sanchez
|
|
Batting: SHB Rodrigo Mendoza
|
0-0: Bunt missed! 0-1: Ball 1-1: Ball 2-1: Bunted foul 2-2: Ball 3-2: Base on Balls Jon Solis to second
|
Batting: RHB Jimmy McIntosh
|
0-0: Bunt missed! 0-1: Sac Bunt to 15 - play at first, batter OUT! 1-4 Jon Solis to third Rodrigo Mendoza to second
|
Batting: RHB Ken Manser
|
0-0: Called Strike 0-1: Ball 1-1: Fly out, F9 (Flyball, 9LS, EV 82.5 MPH)
|
Batting: RHB Adam Copsey
|
0-0: Ground out 6-3 (Groundball, 56, EV 107.5 MPH)
|
Bottom of the 7th over - 0 runs, 1 hit, 0 errors, 2 left on base; Florida State University 1 - University of Southern California 2 |
TOP OF THE 8TH |
Florida State University Seminoles batting - Pitching for University of Southern California Trojans : RHP Jose Lomas
|
Batting: RHB Manny Hensley
|
0-0: Called Strike 0-1: Swinging Strike 0-2: Ball 1-2: Strikes out swinging
|
Batting: RHB Lupe Barrera
|
0-0: Ground out 6-3 (Groundball, 6, EV 85.6 MPH)
|
Batting: RHB Brad Brady
|
0-0: Foul Ball, location: 2F 0-1: Reached via error on a dropped throw from SS, E3 (Groundball, 6, EV 104.4 MPH)
|
Pitching: RHP Kyle Moser
|
|
Batting: LHB Dong-u Chang
|
0-0: Foul Ball, location: 2F 0-1: Ball 1-1: Foul Ball, location: 2F 1-2: Foul Ball, location: 2F 1-2: Fielders Choice at 2nd, 6-4 (Groundball, 6, EV 79.4 MPH)
|
Top of the 8th over - 0 runs, 0 hits, 1 error, 1 left on base; Florida State University 1 - University of Southern California 2 |
BOTTOM OF THE 8TH |
University of Southern California Trojans batting - Pitching for Florida State University Seminoles : RHP Brad Sanchez
|
Batting: RHB Joaquin Salazar
|
0-0: Called Strike 0-1: Ball 1-1: Ball 2-1: Foul Ball, location: 2F 2-2: Fly out, F7 (Flyball, 78D, EV 99.4 MPH)
|
Batting: RHB Arturo Galdamez
|
0-0: Called Strike 0-1: Called Strike 0-2: Ground out 5-3 (Groundball, 56, EV 77.5 MPH)
|
Pinch Hitting: SHB Jorge Renteria
|
0-0: Ball 1-0: Foul Ball, location: 2F 1-1: Foul Ball, location: 2F 1-2: Strikes out swinging
|
Bottom of the 8th over - 0 runs, 0 hits, 0 errors, 0 left on base; Florida State University 1 - University of Southern California 2 |
TOP OF THE 9TH |
Florida State University Seminoles batting - Pitching for University of Southern California Trojans : RHP Kyle Moser
|
Pitching: RHP Dave Vandehey
|
|
Now at 1B: Carlos Gonzalez
|
|
Now in RF: Nick Martin
|
|
Pinch Hitting: RHB Sal Guzman
|
0-0: Ball 1-0: Ball 2-0: Ball 3-0: Foul Ball, location: 2F 3-1: Foul Ball, location: 2F 3-2: SINGLE (Line Drive, 78D, EV 105.0 MPH)
|
Pinch Hitting: RHB Bobby Altamirano
|
0-0: Sac Bunt to 13S - play at first, batter OUT! 1-4 Sal Guzman to second
|
Batting: LHB Raul Maldonado
|
0-0: Ball 1-0: Reached on error, E6 (Groundball, 6, EV 80.0 MPH) Sal Guzman to third
|
Pinch Hitting: RHB Jake Garin
|
0-0: Squeeze Bunt to 23 - play home, runner OUT, batter safe! 3-2 Raul Maldonado to second
|
Pinch Hitting: RHB Fouad Bausi
|
0-0: Ball 1-0: Called Strike 1-1: Foul Ball, location: 2F 1-2: Strikes out swinging
|
Top of the 9th over - 0 runs, 1 hit, 1 error, 2 left on base; Florida State University 1 - University of Southern California 2 |
|